DBL
LOS ANGELES DODGERS @ SEATTLE PILOTS
07/11/1997
 
TOP OF THE 1ST
Los Angeles Dodgers batting - Pitching for Seattle Pilots : RHP Cliff Brantley
Pitching: RHP Cliff Brantley
Batting: RHB Brian L Hunter 0-0: Ground out 5-3 (Groundball, 5, EV 81.9 MPH)
Batting: RHB Chris Brown 0-0: Ball
1-0: Swinging Strike
1-1: Foul Ball, location: 2F
1-2: SOLO HOME RUN (Flyball, 8RXD, EV 95.6 MPH), Distance : 432 ft
Batting: LHB Ryan Klesko 0-0: Ball
1-0: Fly out, F8 (Line Drive, 8LD, EV 103.1 MPH)
Batting: LHB Rafael Palmeiro 0-0: Called Strike
0-1: Foul Ball, location: 2F
0-2: Ball
1-2: Ball
2-2: Ground out 6-3 (Groundball, 6, EV 106.9 MPH)
Top of the 1st over - 1 run, 1 hit, 0 errors, 0 left on base; Los Angeles 1 - Seattle 0
BOTTOM OF THE 1ST
Seattle Pilots batting - Pitching for Los Angeles Dodgers : RHP Ramiro Mendoza
Pitching: RHP Ramiro Mendoza
Batting: RHB Edgar Martinez 0-0: Fly out, F3 (Line Drive, 3, EV 76.3 MPH)
Batting: LHB Ken Griffey Jr. 0-0: Called Strike
0-1: Ball
1-1: Ball
2-1: Ground out 4-3 (Groundball, 4, EV 108.8 MPH)
Batting: RHB Hector Villanueva 0-0: Foul Ball, location: 2F
0-1: Ball
1-1: Ground out 5-3 (Groundball, 56, EV 85.0 MPH)
Bottom of the 1st over - 0 runs, 0 hits, 0 errors, 0 left on base; Los Angeles 1 - Seattle 0
TOP OF THE 2ND
Los Angeles Dodgers batting - Pitching for Seattle Pilots : RHP Cliff Brantley
Batting: RHB Jeffrey Hammonds 0-0: Reached on error, E3 (Groundball, 3, EV 85.6 MPH)
Batting: SHB Jason Varitek 0-0: Called Strike
0-1: Foul Ball, location: 2F
0-2: Ball
1-2: Ball
2-2: Foul Ball, location: 2F
2-2: Foul Ball, location: 2F
2-2: Strikes out swinging
Batting: RHB Torii Hunter 0-0: Ball
1-0: SINGLE (Line Drive, 34D, EV 106.3 MPH)
Jeffrey Hammonds to second
Batting: RHB Homer Bush 0-0: Called Strike
0-1: Ball
1-1: Foul Ball, location: 2F
1-2: Ball
2-2: Strikes out swinging
Batting: SHB Kevin Stocker 0-0: Fly out, F9 (Line Drive, 9, EV 88.8 MPH)
Top of the 2nd over - 0 runs, 1 hit, 1 error, 2 left on base; Los Angeles 1 - Seattle 0
BOTTOM OF THE 2ND
Seattle Pilots batting - Pitching for Los Angeles Dodgers : RHP Ramiro Mendoza
Batting: RHB Jermaine Dye 0-0: Fly out, F8 (Flyball, 89M, EV 89.4 MPH)
Batting: LHB J.T. Snow 0-0: Swinging Strike
0-1: Called Strike
0-2: Ball
1-2: Strikes out looking
Batting: RHB Bruce Aven 0-0: Fly out, F8 (Line Drive, 8LD, EV 97.5 MPH)
Bottom of the 2nd over - 0 runs, 0 hits, 0 errors, 0 left on base; Los Angeles 1 - Seattle 0
TOP OF THE 3RD
Los Angeles Dodgers batting - Pitching for Seattle Pilots : RHP Cliff Brantley
Batting: RHB Brian L Hunter 0-0: Called Strike
0-1: Foul Ball, location: 2F
0-2: Ball
1-2: Strikes out swinging
Batting: RHB Chris Brown 0-0: Called Strike
0-1: Ball
1-1: Called Strike
1-2: Ball
2-2: DOUBLE (Flyball, 8RXD, EV 105.6 MPH)
Batting: LHB Ryan Klesko 0-0: Ball
1-0: Foul Ball, location: 2F
1-1: Foul Ball, location: 2F
1-2: Ball
2-2: Ball
3-2: Strikes out swinging
Batting: LHB Rafael Palmeiro 0-0: Ball
1-0: Called Strike
1-1: Ground out U3 (Groundball, 3, EV 78.1 MPH)
Top of the 3rd over - 0 runs, 1 hit, 0 errors, 1 left on base; Los Angeles 1 - Seattle 0
BOTTOM OF THE 3RD
Seattle Pilots batting - Pitching for Los Angeles Dodgers : RHP Ramiro Mendoza
Batting: SHB Pat Listach 0-0: Ball
1-0: Swinging Strike
1-1: Foul Ball, location: 2F
1-2: Ball
2-2: Ball
3-2: SINGLE (Line Drive, 34D, EV 95.0 MPH)
Batting: RHB Esteban Beltre 0-0: Bunted foul
0-1: Ball
1-1: Sac Bunt to P - play at first, batter OUT! 1-4
Pat Listach to second
Batting: SHB Mark McLemore 0-0: SINGLE (Line Drive, 89S, EV 96.3 MPH)
Pat Listach to third
Runner from 3rd tries for Home, SAFE, no throw by RF
Batting: RHB Edgar Martinez 0-0: Ball
1-0: Called Strike
1-1: Fly out, F8 (Line Drive, 8LD, EV 97.5 MPH)
Runner from 1st tags up, SAFE at 2nd
Batting: LHB Ken Griffey Jr. 0-0: Called Strike
0-1: Fly out, F4 (Popup, 4, EV 72.5 MPH)
Bottom of the 3rd over - 1 run, 2 hits, 0 errors, 1 left on base; Los Angeles 1 - Seattle 1
TOP OF THE 4TH
Los Angeles Dodgers batting - Pitching for Seattle Pilots : RHP Cliff Brantley
Batting: RHB Jeffrey Hammonds 0-0: Called Strike
0-1: Ball
1-1: Ball
2-1: Ball
3-1: Base on Balls
Batting: SHB Jason Varitek 0-0: Ball
1-0: Bunt missed!
1-1: Bunt missed!
1-2: Fielders Choice at 2nd, 4-6 (Groundball, 4, EV 93.8 MPH)
Batting: RHB Torii Hunter 0-0: Ball
1-0: Ball
2-0: Called Strike
2-1: Foul Ball, location: 2F
2-2: Foul Ball, location: 2F
2-2: Fielders Choice at 2nd, 1-6 (Groundball, 23, EV 86.3 MPH)
Batting: RHB Homer Bush 0-0: Ground out 4-3 (Groundball, 34, EV 105.6 MPH)
Top of the 4th over - 0 runs, 0 hits, 0 errors, 1 left on base; Los Angeles 1 - Seattle 1
BOTTOM OF THE 4TH
Seattle Pilots batting - Pitching for Los Angeles Dodgers : RHP Ramiro Mendoza
Batting: RHB Hector Villanueva 0-0: Called Strike
0-1: Ground out U3 (Groundball, 3S, EV 84.4 MPH)
Batting: RHB Jermaine Dye 0-0: Ball
1-0: Ball
2-0: Bunt missed!
2-1: Fly out, F3 (Line Drive, 3, EV 65.0 MPH)
Batting: LHB J.T. Snow 0-0: Called Strike
0-1: Called Strike
0-2: Foul Ball, location: 2F
0-2: Foul Ball, location: 2F
0-2: Strikes out looking
Bottom of the 4th over - 0 runs, 0 hits, 0 errors, 0 left on base; Los Angeles 1 - Seattle 1
TOP OF THE 5TH
Los Angeles Dodgers batting - Pitching for Seattle Pilots : RHP Cliff Brantley
Batting: SHB Kevin Stocker 0-0: Ball
1-0: Foul Ball, location: 2F
1-1: Ball
2-1: Foul Ball, location: 2F
2-2: Strikes out swinging
Batting: RHB Brian L Hunter 0-0: Called Strike
0-1: Foul Ball, location: 2F
0-2: Strikes out swinging
Batting: RHB Chris Brown 0-0: SINGLE (Flyball, 78M, EV 91.3 MPH)
Batting: LHB Ryan Klesko 0-0: Called Strike
0-1: Swinging Strike
0-2: Strikes out looking
Top of the 5th over - 0 runs, 1 hit, 0 errors, 1 left on base; Los Angeles 1 - Seattle 1
BOTTOM OF THE 5TH
Seattle Pilots batting - Pitching for Los Angeles Dodgers : RHP Ramiro Mendoza
Batting: RHB Bruce Aven 0-0: Called Strike
0-1: Fly out, F9 (Flyball, 89M, EV 91.9 MPH)
Batting: SHB Pat Listach 0-0: Foul Ball, location: 2F
0-1: Called Strike
0-2: Strikes out looking
Batting: RHB Esteban Beltre 0-0: Ball
1-0: Foul Ball, location: 2F
1-1: Called Strike
1-2: Foul Ball, location: 2F
1-2: Foul Ball, location: 2F
1-2: Ball
2-2: Strikes out looking
Bottom of the 5th over - 0 runs, 0 hits, 0 errors, 0 left on base; Los Angeles 1 - Seattle 1
TOP OF THE 6TH
Los Angeles Dodgers batting - Pitching for Seattle Pilots : RHP Cliff Brantley
Batting: LHB Rafael Palmeiro 0-0: SINGLE (Line Drive, 9S, EV 105.0 MPH)
Batting: RHB Jeffrey Hammonds 0-0: Ball
1-0: Ball
2-0: Fly out, F6 (Popup, 6MS, EV 60.6 MPH)
Batting: SHB Jason Varitek 0-0: Ball
1-0: Ball
2-0: Swinging Strike
2-1: Ball
3-1: Called Strike
3-2: Foul Ball, location: 2F
3-2: Foul Ball, location: 2F
3-2: Foul Ball, location: 2F
3-2: Base on Balls
Rafael Palmeiro to second
Batting: RHB Torii Hunter 0-0: Foul Ball, location: 2F
0-1: Swinging Strike
0-2: Foul Ball, location: 2F
0-2: Strikes out swinging
Batting: RHB Homer Bush 0-0: Fly out, F9 (Flyball, 89D, EV 83.1 MPH)
Top of the 6th over - 0 runs, 1 hit, 0 errors, 2 left on base; Los Angeles 1 - Seattle 1
BOTTOM OF THE 6TH
Seattle Pilots batting - Pitching for Los Angeles Dodgers : RHP Ramiro Mendoza
Batting: SHB Mark McLemore 0-0: Ball
1-0: Ball
2-0: Ball
3-0: Called Strike
3-1: Fly out, F8 (Flyball, 8LD, EV 95.0 MPH)
Batting: RHB Edgar Martinez 0-0: Foul Ball, location: 2F
0-1: Foul Ball, location: 2F
0-2: Fly out, F3 (Popup, 3F, EV 65.6 MPH)
Batting: LHB Ken Griffey Jr. 0-0: Called Strike
0-1: Ball
1-1: SOLO HOME RUN (Flyball, 89XD, EV 93.8 MPH), Distance : 440 ft
Batting: RHB Hector Villanueva 0-0: Called Strike
0-1: Foul Ball, location: 2F
0-2: Strikes out swinging
Bottom of the 6th over - 1 run, 1 hit, 0 errors, 0 left on base; Los Angeles 1 - Seattle 2
TOP OF THE 7TH
Los Angeles Dodgers batting - Pitching for Seattle Pilots : RHP Cliff Brantley
Batting: SHB Kevin Stocker 0-0: SINGLE (Groundball, 34D, EV 101.3 MPH)
Batting: RHB Brian L Hunter 0-0: Ball
1-0: Ball
2-0: Foul Ball, location: 2F
2-1: Foul Ball, location: 2F
2-2: Ball
3-2: Foul Ball, location: 2F
3-2: Base on Balls
Kevin Stocker to second
Pitching: RHP Jose Lima
Pinch Runner at 2nd Jerry Browne:
Batting: RHB Chris Brown 0-0: 3-RUN HOME RUN (Flyball, 7LD, EV 101.3 MPH), Distance : 343 ft
Batting: LHB Ryan Klesko 0-0: Called Strike
0-1: Ball
1-1: Called Strike
1-2: Strikes out swinging
Batting: LHB Rafael Palmeiro 0-0: Called Strike
0-1: Ground out U3 (Groundball, 34S, EV 89.4 MPH)
Batting: RHB Jeffrey Hammonds 0-0: Called Strike
0-1: Ball
1-1: Called Strike
1-2: Fly out, F8 (Flyball, 89D, EV 88.8 MPH)
Top of the 7th over - 3 runs, 2 hits, 0 errors, 0 left on base; Los Angeles 4 - Seattle 2
BOTTOM OF THE 7TH
Seattle Pilots batting - Pitching for Los Angeles Dodgers : RHP Ramiro Mendoza
Now at 2B: Jerry Browne
Batting: RHB Jermaine Dye 0-0: Ball
1-0: Ground out 5-3 (Groundball, 5L, EV 91.9 MPH)
Batting: LHB J.T. Snow 0-0: DOUBLE (Line Drive, 8RXD, EV 110.6 MPH)
Batting: RHB Bruce Aven 0-0: SINGLE (Line Drive, 9S, EV 96.9 MPH)
J.T. Snow to third
Runner from 3rd tries for Home, SAFE, no throw by RF
Batting: SHB Pat Listach 0-0: Called Strike
0-1: Foul Ball, location: 2F
0-2: Strikes out swinging
Batting: RHB Esteban Beltre 0-0: Ball
1-0: Called Strike
1-1: Ball
2-1: Swinging Strike
2-2: Foul Ball, location: 2F
2-2: Strikes out swinging
Bottom of the 7th over - 1 run, 2 hits, 0 errors, 1 left on base; Los Angeles 4 - Seattle 3
TOP OF THE 8TH
Los Angeles Dodgers batting - Pitching for Seattle Pilots : RHP Jose Lima
Batting: SHB Jason Varitek 0-0: Ball
1-0: Swinging Strike
1-1: Fly out, F6 (Popup, 4MS, EV 78.8 MPH)
Batting: RHB Torii Hunter 0-0: Swinging Strike
0-1: Swinging Strike
0-2: Strikes out swinging
Batting: RHB Homer Bush 0-0: Foul Ball, location: 2F
0-1: Foul Ball, location: 2F
0-2: Strikes out looking
Top of the 8th over - 0 runs, 0 hits, 0 errors, 0 left on base; Los Angeles 4 - Seattle 3
BOTTOM OF THE 8TH
Seattle Pilots batting - Pitching for Los Angeles Dodgers : RHP Ramiro Mendoza
Now at 3B: Joe Randa
Batting: SHB Mark McLemore 0-0: Called Strike
0-1: Ball
1-1: Ball
2-1: Foul Ball, location: 2F
2-2: Ground out 4-3 (Groundball, 4, EV 78.1 MPH)
Pitching: LHP Scott Radinsky
Batting: RHB Edgar Martinez 0-0: Ball
1-0: Ball
2-0: Foul Ball, location: 2F
2-1: Ball
3-1: Swinging Strike
3-2: Foul Ball, location: 2F
3-2: Ground out 1-3 (Groundball, 15, EV 92.5 MPH)
Batting: LHB Ken Griffey Jr. 0-0: Ball
1-0: Fly out, F3 (Popup, 3, EV 67.5 MPH)
Bottom of the 8th over - 0 runs, 0 hits, 0 errors, 0 left on base; Los Angeles 4 - Seattle 3
TOP OF THE 9TH
Los Angeles Dodgers batting - Pitching for Seattle Pilots : RHP Jose Lima
Batting: SHB Jerry Browne 0-0: Fly out, F9 (Line Drive, 9, EV 104.4 MPH)
Batting: RHB Brian L Hunter 0-0: Called Strike
0-1: Ball
1-1: Ground out 4-3 (Groundball, 4M, EV 103.8 MPH)
Batting: RHB Chris Brown 0-0: Called Strike
0-1: Ball
1-1: Foul Ball, location: 2F
1-2: Fly out, F7 (Flyball, 7, EV 90.6 MPH)
Top of the 9th over - 0 runs, 0 hits, 0 errors, 0 left on base; Los Angeles 4 - Seattle 3
BOTTOM OF THE 9TH
Seattle Pilots batting - Pitching for Los Angeles Dodgers : LHP Scott Radinsky
Pitching: LHP Ricardo Rincon
Batting: RHB Hector Villanueva 0-0: Ball
1-0: Foul Ball, location: 2F
1-1: Ball
2-1: Ball
3-1: Foul Ball, location: 2F
3-2: Base on Balls
Batting: RHB Jermaine Dye 0-0: Grounds into double play, 4-6-3 (Groundball, 4, EV 81.9 MPH)
Batting: LHB J.T. Snow 0-0: Ball
1-0: Called Strike
1-1: Foul Ball, location: 2F
1-2: Ball
2-2: Ball
3-2: Fly out, F7 (Flyball, 78M, EV 78.1 MPH)
Bottom of the 9th over - 0 runs, 0 hits, 0 errors, 0 left on base; Los Angeles 4 - Seattle 3
Friday, March 6th, 2026 - OOTP Baseball 20.8 Build 74